Map: Lerilak Crest

Players

CMStormPolt (Polt)

  • Race: Terran Terran
  • League: Grandmaster

Neeb - Winner!

  • Race: Protoss Protoss
  • League: Grandmaster

VOD

https://www.youtube.com/watch?v=cuSq0q2-JhI

Description

Both Polt and Neeb open with relatively standard builds with a Reaper from Polt and Adept from Neeb. During the cat-and-mouse between the Reapers and Adepts, both players go up to 2 bases. A 3 Adept poke are pushed back by Marines.

Neeb techs up to Disruptors and Warp Prism speed, which he uses to first to destroy a Widow Mine dropped earlier at his natural. Polt moves out with a bio push towards Neeb's 3rd, which hasn't been started yet. A double Disruptor drop in Polt's main destroys a large number of SCVs.

Neeb starts his 3rd base first, which Polt tries to deny with simultaneous attacks on the natural and third, but fails. Neeb uses another Disruptor drop to take another more SCVs. Polt moves across the map with Liberators and a bio ball to create a contain at Neeb's natural ramp as he slowly moves forward.

Polt continues the siege for several minutes while still only on 2 bases while Neeb is still mining at his third. Polt goes for one big push at the natural but cannot break through against the Colossi and Stalkers. At home, Polt loses his mining to Zealot warp-ins and GGs immediately.

Time

  • Played on: Feb. 13, 2016, 9:06 p.m.
  • Length: 12:36
Show
View Real Time Build Order
Export as new Build Order

CMStormPolt Terran 

Build Orders: Reaper Expand, Bio Liberator, MMM Bio 

Get SALT Encoding   

  12  0:00  SCV  
  13  0:13  SCV  
  14  0:18  Supply Depot  
  14  0:25  SCV  
  15  0:40  SCV  
  16  0:42  Barracks  
  16  0:44  Refinery  
  16  0:52  SCV  
  17  1:04  SCV  
  18  1:16  SCV  
  19  1:30  Reaper, Orbital Command  
  20  1:55  SCV  
  20  1:56  Command Center  
  21  2:03  Supply Depot, Barracks Reactor  
  21  2:07  SCV  
  22  2:09  Barracks  
  22  2:19  SCV  
  23  2:23  Factory  
  23  2:32  SCV  
  23  2:34  Refinery  
  24  2:40  Marine x2  
  24  2:44  SCV  
  27  2:56  SCV  
  27  2:57  Barracks Tech Lab  
  27  2:58  Marine x2  
  30  3:08  SCV  
  30  3:09  Starport  
  30  3:10  Orbital Command  
  31  3:15  Widow Mine  
  33  3:20  SCV  
  33  3:23  Marine x2  
  36  3:32  SCV  
  37  3:40  Marine  
  37  3:41  Supply Depot, Marine x2  
  38  3:43  SCV  
  38  3:44  SCV  
  38  3:45  Widow Mine  
  44  3:51  Medivac  
  44  3:54  Stimpack  
  46  4:00  Marine  
  46  4:02  SCV, Marine x2  
  48  4:10  SCV  
  48  4:14  SCV  
  50  4:22  SCV  
  50  4:23  Marauder, Marine  
  54  4:27  Supply Depot  
  54  4:28  SCV  
  54  4:31  Supply Depot  
  54  4:37  Factory Reactor  
  54  4:43  Barracks  
  54  4:45  Supply Depot  
  54  4:48  Marine x2  
  54  4:49  Marauder, SCV x2, Medivac  
  62  5:00  Refinery  
  62  5:01  SCV x2  
  62  5:02  Engineering Bay  
  64  5:07  Barracks  
  64  5:09  Barracks  
  64  5:11  Marauder  
  64  5:12  Marine x2  
  68  5:15  SCV  
  68  5:16  SCV  
  70  5:25  Factory Reactor  
  70  5:28  SCV x2  
  70  5:30  Viking  
  70  5:33  Terran Infantry Weapons Level 1  
  72  5:36  Refinery  
  72  5:37  Missile Turret  
  72  5:42  SCV x2  
  74  5:43  Supply Depot  
  74  5:51  Supply Depot  
  74  5:52  Marauder, Marine x2  
  78  6:00  Combat Shields, Barracks Reactor, Barracks Tech Lab  
  78  6:04  Marine x2  
  78  6:05  SCV x2  
  81  6:16  Medivac x2  
  75  6:19  Marauder  
  75  6:20  Marauder  
  75  6:21  Marine x2  
  75  6:22  Marine x2  
  75  6:24  SCV  
  75  6:25  SCV  
  85  6:38  Marine x2  
  87  6:42  SCV  
  87  6:43  SCV  
  87  6:46  Marauder x2  
  92  6:50  Supply Depot x2  
  92  6:54  Liberator x2, Marine x2  
  92  6:58  Concussive Shells  
  94  7:11  Marine x4  
  104  7:24  Marauder x2, Marine x2  
  104  7:29  Marine x4  
  106  7:44  Supply Depot x2, Marine x2  
  106  7:46  Marauder  
  110  7:51  Liberator x2  
  110  7:52  Widow Mine  
  110  7:53  Marauder, Marine x4  
  110  7:58  Terran Infantry Armor Level 1  
  124  8:16  Marauder x2  
  124  8:17  Marine x2  
  124  8:19  Marine x2  
  131  8:25  SCV  
  122  8:38  Liberator  
  122  8:40  Marauder, Marine x2  
  122  8:41  Marauder  
  128  8:43  Liberator  
  128  8:45  Marine x2  
  125  9:17  Marine x3  
  125  9:18  Marauder x2, Marine  
  125  9:21  Marine  
  125  9:23  Liberator  
  134  9:32  Marine  
  131  9:38  Liberator  
  132  9:47  Marauder  
  134  9:54  Marine x2  
  134  9:55  Marine  
  134  9:56  Marauder  
  134  9:57  Marine x2  
  141  10:00  Marine  
  134  10:26  Marauder, Marine x2  
  134  10:27  Marauder, Marine x4  
  142  10:47  Medivac x2  
  142  10:48  Marauder x2  
  150  10:53  Marine x4  
  150  10:56  Marine x2  
  155  11:17  Medivac  
  157  11:23  Marine  
  158  11:30  Supply Depot  
  158  11:33  Marine x4  
  158  11:34  Marauder, Liberator  
  158  11:35  Medivac  
  158  11:36  Marine  
  163  11:41  Marine  
  163  11:44  Marauder  
Show
View Real Time Build Order
Export as new Build Order

Neeb Protoss - Winner!

Build Orders: 1 Gate Expand, Colossi Deathball, Disruptor Drop 

Get SALT Encoding   

  12  0:01  Probe (Chrono Boost)  
  13  0:11  Probe (Chrono Boost)  
  14  0:18  Pylon  
  14  0:22  Probe (Chrono Boost)  
  15  0:37  Gateway, Probe (Chrono Boost)  
  16  0:47  Probe (Chrono Boost)  
  17  0:58  Probe (Chrono Boost)  
  17  0:59  Assimilator  
  18  1:08  Probe (Chrono Boost)  
  19  1:18  Nexus  
  19  1:22  Probe (Chrono Boost)  
  20  1:31  Cybernetics Core  
  20  1:34  Probe (Chrono Boost)  
  20  1:39  Assimilator  
  21  1:48  Pylon  
  21  1:50  Probe (Chrono Boost)  
  22  2:00  Probe (Chrono Boost)  
  23  2:08  Warp Gate, Adept (Chrono Boost)  
  25  2:11  Probe  
  26  2:23  Mothership Core (Chrono Boost)  
  28  2:31  Adept (Chrono Boost)  
  28  2:32  Probe (Chrono Boost)  
  31  2:43  Probe (Chrono Boost)  
  31  2:44  Probe (Chrono Boost)  
  33  2:54  Probe x2 (Chrono Boost)  
  33  2:55  Robotics Facility  
  35  3:00  Adept  
  35  3:05  Pylon, Probe x2 (Chrono Boost)  
  39  3:15  Probe x2 (Chrono Boost)  
  41  3:26  Probe x2 (Chrono Boost)  
  43  3:35  Probe (Chrono Boost)  
  43  3:36  Gateway, Probe (Chrono Boost)  
  43  3:37  Gateway  
  45  3:42  Observer (Chrono Boost)  
  45  3:44  Robotics Bay  
  45  3:45  Probe  
  45  3:47  Probe  
  48  3:50  Assimilator  
  48  3:55  Assimilator, Probe  
  48  3:59  Probe  
  50  4:06  Probe  
  50  4:07  Pylon  
  50  4:09  Warp Prism (Chrono Boost)  
  53  4:12  Probe  
  54  4:19  Probe  
  54  4:23  Pylon  
  54  4:25  Probe  
  54  4:30  Probe  
  55  4:37  Probe  
  57  4:39  Pylon  
  57  4:40  Probe  
  57  4:42  Sentry  
  57  4:43  Stalker x2  
  65  4:48  Disruptor (Chrono Boost)  
  65  4:50  Probe  
  65  4:52  Gravitic Drive  
  68  4:54  Probe  
  68  5:02  Probe  
  68  5:05  Probe  
  70  5:08  Pylon  
  70  5:14  Probe  
  70  5:15  Probe  
  70  5:18  Pylon  
  70  5:19  Disruptor (Chrono Boost)  
  75  5:23  Twilight Council  
  75  5:26  Probe x2  
  75  5:27  Stalker  
  79  5:28  Stalker  
  79  5:34  Pylon  
  81  5:36  Stalker  
  83  5:51  Observer (Chrono Boost)  
  83  5:56  Stalker x2  
  88  5:58  Pylon  
  88  5:59  Probe  
  88  6:01  Probe  
  90  6:07  Blink  
  90  6:17  Stalker  
  92  6:21  Observer (Chrono Boost)  
  92  6:23  Stalker x2  
  95  6:31  Probe  
  95  6:32  Probe  
  97  6:39  Gateway, Nexus  
  97  6:40  Gateway  
  97  6:42  Gateway  
  97  6:43  Immortal (Chrono Boost)  
  97  6:44  Pylon  
  101  6:50  Pylon  
  101  6:55  Pylon  
  101  6:59  Probe, Stalker x2  
  101  7:00  Stalker  
  101  7:01  Probe  
  109  7:06  Pylon  
  108  7:17  Immortal (Chrono Boost)  
  112  7:26  Probe  
  112  7:29  Stalker x3  
  119  7:35  Pylon  
  119  7:41  Forge x2  
  119  7:42  Stalker, Sentry  
  122  7:45  Probe  
  122  7:47  Probe  
  130  7:51  Colossus (Chrono Boost)  
  130  7:56  Pylon  
  130  8:02  Assimilator  
  130  8:04  Assimilator  
  130  8:05  Pylon  
  130  8:14  Adept x2  
  134  8:24  Protoss Ground Armor Level 1 (Chrono Boost), Protoss Ground Weapons Level 1 (Chrono Boost)  
  134  8:28  Adept x3  
  134  8:29  Adept  
  134  8:32  Resonating Glaives  
  142  8:38  Extended Thermal Lance  
  134  8:52  Zealot x5  
  134  8:53  Zealot  
  134  8:54  Colossus (Chrono Boost)  
  152  9:15  Stalker  
  152  9:16  Stalker  
  141  9:18  Stalker x3  
  141  9:19  Adept  
  141  9:23  Probe  
  141  9:24  Probe  
  141  9:26  Probe  
  140  9:45  Stalker  
  140  9:46  Stalker x4  
  140  9:49  Probe  
  140  9:51  Probe  
  150  9:53  Probe  
  150  9:55  Adept  
  153  10:12  Pylon  
  153  10:14  Pylon  
  153  10:15  Pylon  
  153  10:16  Pylon  
  135  10:28  Colossus  
  139  10:37  Stalker x6  
  151  11:02  Adept  
  151  11:03  Adept x5  
  160  11:22  Observer  
  160  11:25  Zealot x6  
  171  11:43  Pylon  
  171  11:52  Zealot x4  
  151  12:21  Adept x2  
  151  12:22  Adept  
  111  12:25  Stalker x3  
Tags
 
Add a new tag
Caveats
  • Supply blocks, unpowered buildings, or Contaminate may cause inaccurate times.
  • Supply counts are checked every 10 seconds.